General information
- name: BNet
- type: Ladder team game (AT/RT)
- host: Battle.net
- saver: dogsandhorse.ru
map: Dragonblight
- players: 6
- length: 74:58
- speed: Fast
- version: 1.27 W3XP
- replay type:

» download(523 KB)
Players
team 1 (winner)
dogsandhorse.ru (
pink | 114 APM | 8575 actions | 74:58)
9 Blademaster
3 Wind Walk
3 Critical Strike
1 Bladestorm
2 Mirror Image
» actions
| Assign group hotkey | 16 | |
| Basic commands | 19 | |
| Build / train | 60 | |
| Enter build submenu | 60 | |
| Enter hero's abilities submenu | 9 | |
| Give item / drop item | 1 | |
| Right click | 6768 | |
| Select / deselect | 381 | |
| Select group hotkey | 967 | |
| Use ability | 294 | |
8575 total
» units
| Peon | 10 | |
| Troll Batrider | 14 | |
| Frost Revenant | 1 | |
25 total
» upgrades
| Ranged Weapons | 3 | |
| Liquid Fire | 1 | |
| Armor | 1 | |
5 total
» buildings
| Orc Burrow | 4 | |
| Altar of Storms | 1 | |
| War Mill | 1 | |
| Voodoo Lounge | 2 | |
| Watch Tower | 45 | |
| Stronghold | 2 | |
| Fortress | 1 | |
| Beastiary | 2 | |
| Great Hall | 3 | |
61 total
» build order
00:20 Orc Burrow
00:23 Altar of Storms
00:34 War Mill
01:01 Voodoo Lounge
02:01 Watch Tower
02:35 Watch Tower
02:49 Watch Tower
03:12 Watch Tower
03:40 Watch Tower
04:34 Watch Tower
04:40 Watch Tower
05:14 Watch Tower
05:21 Watch Tower
05:24 Watch Tower
05:27 Watch Tower
06:44 Watch Tower
06:46 Watch Tower
06:48 Stronghold
06:49 Stronghold
06:52 Orc Burrow
06:53 Orc Burrow
07:16 Voodoo Lounge
07:58 Watch Tower
07:59 Watch Tower
08:00 Watch Tower
08:05 Watch Tower
08:05 Watch Tower
09:12 Fortress
09:14 Beastiary
09:15 Beastiary
09:28 Watch Tower
09:29 Watch Tower
10:19 Watch Tower
10:19 Watch Tower
10:20 Watch Tower
10:20 Watch Tower
10:41 Watch Tower
10:42 Watch Tower
10:43 Watch Tower
11:47 Watch Tower
11:47 Watch Tower
11:49 Watch Tower
11:51 Watch Tower
12:02 Watch Tower
12:02 Watch Tower
12:06 Watch Tower
12:07 Watch Tower
12:50 Watch Tower
12:50 Watch Tower
12:51 Watch Tower
13:52 Watch Tower
13:53 Watch Tower
13:54 Watch Tower
13:55 Watch Tower
14:28 Watch Tower
14:28 Watch Tower
14:29 Watch Tower
16:07 Orc Burrow
53:29 Great Hall
53:59 Great Hall
54:12 Great Hall
» items
| Healing Salve | 2 | |
| Lesser Clarity Potion | 3 | |
| Boots of Speed | 4 | |
| Staff of Teleportation | 1 | |
| Orb of Lightning | 1 | |
11 total
iggy_the_fisk (
teal | 128 APM | 9577 actions | 74:57)
7 Mountain King
3 Storm Bolt
3 Bash
1 Avatar
6 Paladin
3 Holy Light
3 Divine Shield
6 Archmage
3 Brilliance Aura
3 Blizzard
» actions
| Assign group hotkey | 441 | |
| Basic commands | 68 | |
| Build / train | 141 | |
| Enter build submenu | 101 | |
| Enter hero's abilities submenu | 21 | |
| Give item / drop item | 5 | |
| Right click | 5011 | |
| Select / deselect | 898 | |
| Select group hotkey | 2372 | |
| Use ability | 519 | |
9577 total
» units
| Peasant | 16 | |
| Sorceress | 1 | |
| Priest | 1 | |
| Goblin Sapper | 4 | |
| Frost Revenant | 1 | |
| Goblin Zeppelin | 4 | |
27 total
» upgrades
| Masonry | 3 | |
| Lumber Harvesting | 2 | |
| Magic Sentry | 1 | |
| Sorceress Training | 2 | |
| Priest Training | 2 | |
10 total
» buildings
| Altar of Kings | 1 | |
| Farm | 6 | |
| Scout Tower | 92 | |
| Lumber Mill | 1 | |
| Arcane Tower | 14 | |
| Guard Tower | 44 | |
| Keep | 1 | |
| Arcane Vault | 5 | |
| Castle | 1 | |
| Arcane Sanctum | 1 | |
| Town Hall | 1 | |
167 total
» build order
00:08 Altar of Kings
00:16 Farm
00:31 Farm
00:35 Farm
00:53 Scout Tower
00:56 Scout Tower
01:10 Lumber Mill
01:46 Scout Tower
01:46 Arcane Tower
01:52 Scout Tower
01:53 Arcane Tower
02:07 Farm
02:13 Scout Tower
02:21 Scout Tower
02:22 Arcane Tower
02:24 Scout Tower
02:33 Guard Tower
02:42 Scout Tower
02:48 Guard Tower
03:15 Guard Tower
03:16 Scout Tower
03:18 Guard Tower
03:43 Guard Tower
03:45 Scout Tower
03:45 Scout Tower
03:55 Guard Tower
03:56 Scout Tower
03:57 Scout Tower
04:11 Keep
04:31 Arcane Vault
04:33 Guard Tower
04:34 Scout Tower
04:43 Guard Tower
05:16 Guard Tower
05:16 Guard Tower
05:17 Scout Tower
05:18 Scout Tower
05:24 Scout Tower
05:25 Arcane Vault
05:40 Guard Tower
05:42 Scout Tower
05:45 Scout Tower
05:48 Guard Tower
05:51 Scout Tower
05:54 Scout Tower
06:40 Castle
06:44 Guard Tower
06:51 Scout Tower
06:51 Scout Tower
06:52 Guard Tower
06:55 Guard Tower
06:58 Scout Tower
07:01 Scout Tower
07:07 Arcane Vault
07:09 Guard Tower
07:09 Guard Tower
07:10 Guard Tower
07:14 Scout Tower
07:18 Scout Tower
07:19 Scout Tower
08:14 Arcane Tower
08:14 Guard Tower
08:15 Scout Tower
08:28 Guard Tower
08:31 Scout Tower
08:32 Scout Tower
08:55 Guard Tower
09:04 Guard Tower
09:06 Scout Tower
09:08 Scout Tower
09:31 Arcane Tower
09:33 Arcane Tower
09:37 Scout Tower
09:39 Scout Tower
10:35 Scout Tower
10:36 Scout Tower
10:37 Scout Tower
10:38 Scout Tower
11:01 Farm
11:02 Farm
11:32 Guard Tower
11:34 Scout Tower
11:34 Scout Tower
11:39 Arcane Sanctum
11:44 Arcane Tower
11:45 Guard Tower
11:48 Scout Tower
11:50 Scout Tower
11:53 Scout Tower
11:53 Scout Tower
12:11 Scout Tower
12:13 Scout Tower
12:14 Scout Tower
12:15 Scout Tower
12:17 Guard Tower
12:24 Scout Tower
12:24 Scout Tower
12:46 Guard Tower
12:48 Scout Tower
12:48 Scout Tower
13:09 Guard Tower
13:14 Guard Tower
13:15 Guard Tower
13:46 Guard Tower
13:47 Guard Tower
14:10 Scout Tower
14:13 Scout Tower
14:13 Scout Tower
14:23 Guard Tower
14:24 Scout Tower
14:25 Scout Tower
14:39 Scout Tower
15:18 Guard Tower
15:18 Scout Tower
16:04 Guard Tower
16:35 Guard Tower
16:38 Town Hall
16:44 Scout Tower
16:45 Scout Tower
16:48 Guard Tower
16:49 Scout Tower
16:50 Scout Tower
16:53 Arcane Vault
16:56 Arcane Vault
17:09 Scout Tower
17:10 Scout Tower
17:12 Scout Tower
17:13 Arcane Tower
18:22 Guard Tower
18:26 Scout Tower
18:43 Guard Tower
18:45 Scout Tower
18:46 Scout Tower
18:50 Scout Tower
18:50 Scout Tower
18:59 Scout Tower
21:40 Guard Tower
21:46 Guard Tower
22:58 Scout Tower
23:42 Arcane Tower
23:54 Scout Tower
25:02 Guard Tower
25:05 Scout Tower
25:07 Scout Tower
25:08 Scout Tower
25:09 Scout Tower
26:11 Guard Tower
26:13 Scout Tower
26:47 Guard Tower
26:49 Scout Tower
28:20 Arcane Tower
28:25 Guard Tower
32:01 Scout Tower
32:02 Scout Tower
32:03 Scout Tower
32:05 Scout Tower
34:05 Arcane Tower
34:08 Scout Tower
34:09 Scout Tower
34:10 Scout Tower
34:11 Scout Tower
34:12 Scout Tower
34:13 Scout Tower
35:34 Arcane Tower
35:59 Arcane Tower
49:04 Scout Tower
58:39 Arcane Tower
» items
| Boots of Speed | 3 | |
| Staff of Teleportation | 4 | |
| Orb of Lightning | 3 | |
| Lesser Clarity Potion | 1 | |
| Healing Salve | 2 | |
| Staff of Sanctuary | 3 | |
| Periapt of Vitality | 2 | |
| Circlet of Nobility | 2 | |
20 total
nofaithinyeast (
orange | 105 APM | 7868 actions | 74:57)
6 Warden
3 Shadow Strike
3 Blink
5 Pandaren Brewmaster
3 Breath of Fire
2 Drunken Haze
» actions
| Assign group hotkey | 100 | |
| Basic commands | 125 | |
| Build / train | 74 | |
| ESC pressed | 2 | |
| Enter build submenu | 23 | |
| Enter hero's abilities submenu | 12 | |
| Give item / drop item | 6 | |
| Right click | 5079 | |
| Select / deselect | 878 | |
| Select group hotkey | 1274 | |
| Use ability | 292 | |
7868 total
» units
» upgrades
| Ultravision | 1 | |
| Well Spring | 1 | |
| Nature's Blessing | 1 | |
3 total
» buildings
| Altar of Elders | 1 | |
| Moon Well | 15 | |
| Tree of Ages | 3 | |
| Ancient of Wonders | 1 | |
| Tree of Life | 1 | |
| Tree of Eternity | 1 | |
| Hunter's Hall | 1 | |
23 total
» build order
00:39 Altar of Elders
00:41 Moon Well
01:48 Moon Well
05:23 Tree of Ages
05:23 Tree of Ages
05:56 Moon Well
05:57 Moon Well
06:45 Ancient of Wonders
07:18 Tree of Life
07:21 Moon Well
08:04 Tree of Eternity
08:12 Hunter's Hall
10:42 Moon Well
10:48 Moon Well
10:49 Moon Well
10:52 Moon Well
65:16 Moon Well
65:17 Moon Well
66:48 Moon Well
66:51 Moon Well
68:24 Moon Well
68:25 Moon Well
» items
| Periapt of Vitality | 2 | |
| Staff of Sanctuary | 2 | |
| Orb of Venom | 1 | |
| Orb of Lightning | 1 | |
| Healing Salve | 1 | |
| Lesser Clarity Potion | 1 | |
| Scroll of Speed | 1 | |
| Boots of Speed | 2 | |
| Staff of Teleportation | 2 | |
13 total
team 2 (loser)
Shapeshift (
green | 54 APM | 4029 actions | 74:57)
4 Far Seer
2 Feral Spirit
1 Chain Lighting
1 Far Sight
» actions
| Basic commands | 10 | |
| Build / train | 104 | |
| Enter build submenu | 70 | |
| Enter hero's abilities submenu | 4 | |
| Remove unit from queue | 1 | |
| Right click | 3116 | |
| Select / deselect | 642 | |
| Use ability | 81 | |
4029 total
» units
| Peon | 19 | |
| Grunt | 18 | |
| Wind Rider | 48 | |
| Raider | 1 | |
86 total
» upgrades
| Melee Weapons | 2 | |
| Armor | 1 | |
| Ranged Weapons | 3 | |
| Envenomed Spears | 1 | |
| Reinforced Defenses | 1 | |
| Ensnare | 1 | |
9 total
» buildings
| Altar of Storms | 1 | |
| Orc Burrow | 10 | |
| Barracks | 1 | |
| Voodoo Lounge | 1 | |
| War Mill | 1 | |
| Stronghold | 1 | |
| Beastiary | 2 | |
| Fortress | 1 | |
| Great Hall | 1 | |
| Watch Tower | 42 | |
61 total
» build order
00:10 Altar of Storms
00:24 Orc Burrow
01:26 Barracks
01:48 Orc Burrow
03:42 Orc Burrow
05:50 Voodoo Lounge
06:57 Orc Burrow
07:07 War Mill
08:13 Stronghold
10:50 Beastiary
11:12 Orc Burrow
12:28 Orc Burrow
13:17 Fortress
14:15 Orc Burrow
14:57 Orc Burrow
15:44 Orc Burrow
18:13 Orc Burrow
22:41 Great Hall
24:25 Watch Tower
24:27 Watch Tower
24:29 Watch Tower
26:21 Watch Tower
27:04 Watch Tower
28:17 Watch Tower
28:20 Watch Tower
28:25 Watch Tower
28:34 Watch Tower
29:38 Beastiary
29:47 Watch Tower
30:08 Watch Tower
34:07 Watch Tower
35:06 Watch Tower
35:36 Watch Tower
35:39 Watch Tower
36:39 Watch Tower
36:42 Watch Tower
36:55 Watch Tower
37:06 Watch Tower
37:20 Watch Tower
37:34 Watch Tower
37:46 Watch Tower
39:08 Watch Tower
39:51 Watch Tower
40:30 Watch Tower
43:19 Watch Tower
43:26 Watch Tower
43:39 Watch Tower
44:14 Watch Tower
45:14 Watch Tower
45:20 Watch Tower
45:38 Watch Tower
45:45 Watch Tower
46:54 Watch Tower
47:00 Watch Tower
47:08 Watch Tower
47:27 Watch Tower
47:54 Watch Tower
47:59 Watch Tower
48:03 Watch Tower
48:17 Watch Tower
48:26 Watch Tower
» items
Warhero11 (
purple | 38 APM | 2808 actions | 74:00)
3 Warden
1 Blink
1 Fan of Knives
1 Shadow Strike
» actions
| Assign group hotkey | 1 | |
| Build / train | 121 | |
| Enter build submenu | 35 | |
| Enter hero's abilities submenu | 3 | |
| Right click | 1880 | |
| Select / deselect | 687 | |
| Select group hotkey | 1 | |
| Use ability | 80 | |
2808 total
» units
| Wisp | 27 | |
| Archer | 20 | |
| Hippogryph | 13 | |
| Druid of the Talon | 4 | |
| Chimaera | 16 | |
| Glaive Thrower | 13 | |
93 total
» upgrades
| Strength of the Moon | 3 | |
| Moon Armor | 3 | |
| Hippogryph Taming | 1 | |
| Druid of the Talon Training | 2 | |
| Mark of the Talon | 1 | |
| Corrosive Breath | 1 | |
| Vorpal Blades | 1 | |
| Strength of the Wild | 2 | |
| Reinforced Hides | 2 | |
16 total
» buildings
| Altar of Elders | 1 | |
| Moon Well | 7 | |
| Ancient of War | 1 | |
| Hunter's Hall | 1 | |
| Ancient Protector | 16 | |
| Tree of Ages | 1 | |
| Ancient of Wind | 2 | |
| Ancient of Wonders | 1 | |
| Tree of Eternity | 1 | |
| Tree of Life | 1 | |
| Chimaera Roost | 1 | |
33 total
» build order
00:08 Altar of Elders
00:11 Moon Well
00:15 Moon Well
00:34 Ancient of War
01:33 Moon Well
02:37 Hunter's Hall
03:51 Ancient Protector
03:56 Moon Well
04:00 Tree of Ages
05:15 Moon Well
06:27 Ancient of Wind
06:36 Ancient of Wind
06:59 Ancient of Wonders
07:18 Tree of Eternity
08:58 Ancient Protector
09:56 Ancient Protector
16:36 Moon Well
17:15 Tree of Life
17:28 Chimaera Roost
18:32 Moon Well
23:21 Ancient Protector
28:56 Ancient Protector
31:05 Ancient Protector
34:39 Ancient Protector
34:43 Ancient Protector
35:40 Ancient Protector
35:55 Ancient Protector
36:08 Ancient Protector
37:26 Ancient Protector
37:36 Ancient Protector
37:42 Ancient Protector
44:32 Ancient Protector
65:11 Ancient Protector
» items
| Potion of Healing | 2 | |
| Dust of Appearance | 2 | |
| Staff of Preservation | 1 | |
| Scroll of Town Portal | 1 | |
6 total
Warhero12 (
yellow | 33 APM | 2450 actions | 73:56)
1 Mountain King
1 Storm Bolt
3 Archmage
1 Summon Water Elemental
1 Brilliance Aura
1 Blizzard
» actions
| Basic commands | 4 | |
| Build / train | 160 | |
| Enter build submenu | 81 | |
| Enter hero's abilities submenu | 5 | |
| Right click | 1003 | |
| Select / deselect | 1037 | |
| Use ability | 160 | |
2450 total
» units
| Peasant | 31 | |
| Footman | 7 | |
| Priest | 20 | |
| Mortar Team | 7 | |
| Sorceress | 3 | |
| Siege Engine | 5 | |
| Gryphon Rider | 5 | |
| Blue Dragon Whelp | 1 | |
| Blue Drake | 1 | |
80 total
» upgrades
| Priest Training | 2 | |
| Lumber Harvesting | 2 | |
| Gunpowder | 3 | |
| Armor | 3 | |
| Sorceress Training | 2 | |
| Barrage | 1 | |
| Flare | 1 | |
| Fragmentation Shards | 1 | |
| Plating | 2 | |
| Masonry | 3 | |
| Storm Hammers | 1 | |
| Swords | 2 | |
23 total
» buildings
| Altar of Kings | 1 | |
| Farm | 13 | |
| Barracks | 1 | |
| Scout Tower | 52 | |
| Arcane Tower | 3 | |
| Keep | 3 | |
| Lumber Mill | 1 | |
| Arcane Sanctum | 2 | |
| Blacksmith | 1 | |
| Castle | 1 | |
| Workshop | 2 | |
| Town Hall | 3 | |
| Guard Tower | 27 | |
| Cannon Tower | 6 | |
| Gryphon Aviary | 2 | |
| Arcane Vault | 1 | |
119 total
» build order
00:07 Altar of Kings
00:18 Farm
00:25 Barracks
01:13 Farm
01:21 Scout Tower
02:07 Arcane Tower
02:18 Farm
03:41 Keep
03:41 Keep
03:41 Keep
04:26 Farm
04:30 Lumber Mill
06:14 Arcane Sanctum
06:18 Arcane Sanctum
06:30 Blacksmith
06:45 Farm
07:10 Castle
07:56 Workshop
09:10 Farm
10:02 Town Hall
10:46 Farm
11:52 Workshop
12:46 Farm
13:49 Farm
16:46 Farm
17:35 Farm
18:43 Farm
20:40 Farm
22:08 Scout Tower
22:30 Scout Tower
22:33 Scout Tower
22:35 Scout Tower
22:37 Guard Tower
22:40 Scout Tower
22:44 Scout Tower
22:49 Scout Tower
22:54 Scout Tower
23:07 Town Hall
24:51 Scout Tower
24:54 Guard Tower
24:58 Guard Tower
25:02 Guard Tower
25:16 Guard Tower
25:20 Arcane Tower
25:24 Guard Tower
25:27 Scout Tower
25:29 Scout Tower
25:32 Scout Tower
25:34 Scout Tower
26:09 Guard Tower
26:12 Scout Tower
26:18 Scout Tower
26:21 Scout Tower
26:30 Scout Tower
26:33 Scout Tower
26:37 Scout Tower
26:46 Scout Tower
26:52 Scout Tower
26:56 Guard Tower
26:59 Scout Tower
27:02 Scout Tower
27:06 Scout Tower
28:09 Guard Tower
28:13 Scout Tower
28:52 Guard Tower
28:57 Scout Tower
29:01 Guard Tower
29:05 Scout Tower
29:13 Scout Tower
29:45 Guard Tower
31:35 Cannon Tower
31:45 Guard Tower
31:50 Guard Tower
31:50 Guard Tower
31:51 Guard Tower
31:51 Guard Tower
33:42 Gryphon Aviary
34:05 Scout Tower
34:34 Gryphon Aviary
35:12 Guard Tower
35:36 Guard Tower
36:29 Arcane Vault
37:26 Scout Tower
37:29 Scout Tower
37:38 Scout Tower
37:55 Cannon Tower
37:58 Scout Tower
38:03 Scout Tower
38:52 Town Hall
38:55 Guard Tower
39:12 Guard Tower
40:24 Scout Tower
40:28 Scout Tower
40:31 Scout Tower
40:33 Scout Tower
40:36 Scout Tower
40:38 Scout Tower
40:41 Scout Tower
40:50 Scout Tower
40:59 Scout Tower
41:00 Guard Tower
41:03 Scout Tower
41:08 Guard Tower
41:55 Cannon Tower
42:06 Cannon Tower
42:12 Cannon Tower
42:23 Guard Tower
42:33 Guard Tower
42:42 Arcane Tower
43:14 Scout Tower
43:20 Scout Tower
43:23 Scout Tower
43:28 Scout Tower
43:32 Scout Tower
43:38 Scout Tower
43:42 Scout Tower
43:44 Cannon Tower
44:16 Guard Tower
» items
| Scroll of Protection | 1 | |
| Potion of Lesser Invulnerability | 1 | |
| Scroll of Regeneration | 1 | |
| Dust of Appearance | 1 | |
4 total
Chat log
(00:03 / All) Warhero11: Suck a dick
(00:11 / All) Warhero11: good one
(00:13 / All) iggy_the_fisk: GOOD LUCK
(13:36 / All) dogsandhorse.ru: are u guys ok
(14:43 / All) nofaithinyeast: ?
(15:53 / All) dogsandhorse.ru: prank,
(18:54 / All) iggy_the_fisk: Just calm down
(18:55 / All) iggy_the_fisk: and don't die to the towers
(18:56 / All) iggy_the_fisk: Ok?
(20:38 / All) dogsandhorse.ru: This is wHat I'm Talkin aBout
(27:59 / All) dogsandhorse.ru: guys
(28:01 / All) dogsandhorse.ru: whats wrong
(28:59 / All) dogsandhorse.ru: guys press the triangle button
(32:49 / All) dogsandhorse.ru: are u sure?
(32:52 / All) nofaithinyeast: Would you like to reconsider htis attack?
(32:59 / All) dogsandhorse.ru: press 1 to keep fighting
(33:06 / All) dogsandhorse.ru: typei "
(33:09 / All) dogsandhorse.ru: stop" to stop fight
(33:16 / All) nofaithinyeast: type "battle" to confirm you wish to ocntinue the battle
(38:39 / All) dogsandhorse.ru: ok we're out of gold
(38:42 / All) dogsandhorse.ru: where are u guys from
(38:53 / All) nofaithinyeast: damn. the 1 downside to building towers... not many gold mines (((
(42:57 / All) iggy_the_fisk: i laugh
(43:03 / All) dogsandhorse.ru: the game of grunts has come to an end
(43:12 / All) nofaithinyeast: my dragons
(43:15 / All) nofaithinyeast: not your dragons
(43:49 / All) nofaithinyeast: Marin "Mother of Dragons" Bladewing
(45:14 / All) nofaithinyeast: why did u put ur raider in jail
(46:57 / All) dogsandhorse.ru: your priesties
(52:01 / All) nofaithinyeast: shit...
(52:03 / All) nofaithinyeast: what do we do nowo
(53:44 / All) nofaithinyeast: DRAGON... BATTLE
(64:09 / All) dogsandhorse.ru: where are yo9uy guys from
(73:33 / All) dogsandhorse.ru: ok. goodnite
(73:41 / All) nofaithinyeast: & god bless
(73:47 / All) dogsandhorse.ru: https://highper.ch/
(74:14 / All) Shapeshift: boring game
(74:14 / All) nofaithinyeast: get out shapeshit
(74:23 / All) dogsandhorse.ru: lol
(74:32 / All) nofaithinyeast: yeah why did u build so many towers
(74:39 / All) dogsandhorse.ru: big bird here complaining
(74:41 / All) Shapeshift: gj hope you had as much fun
(74:48 / All) dogsandhorse.ru: i had sooooooooo much fun
(74:54 / All) Shapeshift: keep those pizza fingers greasy